PBL
VICTORIA CAPITALS @ ROSWELL INVADERS
10/02/2047
 
TOP OF THE 1ST
Victoria Capitals batting - Pitching for Roswell Invaders : LHP Henry Torres
Pitching: LHP Henry Torres
Batting: RHB Jwahir Pili 0-0: Foul Ball, location: 2F
0-1: Foul Ball, location: 2F
0-2: Ball
1-2: Ball
2-2: Ball
3-2: Base on Balls
Batting: SHB Dave Reynoso 0-0: Ball
1-0: Swinging Strike
1-1: Ball
2-1: Ball
3-1: Base on Balls
Jwahir Pili to second
Batting: RHB Tze-meng Li 0-0: Ball
1-0: Called Strike
1-1: Grounds into double play, 3-6-1 (Groundball, 34, EV 88.8 MPH)
Jwahir Pili to third
Batting: RHB Jose Zuniga 0-0: Ball
1-0: Ball
2-0: Called Strike
2-1: Fly out, F8 (Flyball, 8LM, EV 95.6 MPH)
Top of the 1st over - 0 runs, 0 hits, 0 errors, 1 left on base; Victoria 0 - Roswell 0
BOTTOM OF THE 1ST
Roswell Invaders batting - Pitching for Victoria Capitals : RHP Devon Washington
Pitching: RHP Devon Washington
Batting: RHB Mike Smith 0-0: Ball
1-0: Ball
2-0: Ball
3-0: Base on Balls
Batting: LHB Angelo Lira 0-0: Called Strike
0-1: Ball
1-1: Ball
2-1: Swinging Strike
2-2: Strikes out swinging
Batting: LHB Ivan Cortez 0-0: Swinging Strike
0-1: Called Strike
Mike Smith is caught stealing 2nd base 2-6
0-2: Foul Ball, location: 2F
0-2: Ball
1-2: Ball
2-2: Ball
3-2: Strikes out swinging
Bottom of the 1st over - 0 runs, 0 hits, 0 errors, 0 left on base; Victoria 0 - Roswell 0
TOP OF THE 2ND
Victoria Capitals batting - Pitching for Roswell Invaders : LHP Henry Torres
Batting: RHB Joaquin Salazar 0-0: Foul Ball, location: 2F
0-1: Ball
1-1: Ball
2-1: Ball
3-1: Ground out 6-3 (Groundball, 6, EV 101.9 MPH)
Batting: RHB Rich Griffith 0-0: Ball
1-0: Called Strike
1-1: Foul Ball, location: 2F
1-2: Strikes out swinging
Batting: RHB Neal Perucci 0-0: Ball
1-0: Ball
2-0: Called Strike
2-1: Swinging Strike
2-2: Ball
3-2: Ground out 4-3 (Groundball, 4, EV 90.6 MPH)
Top of the 2nd over - 0 runs, 0 hits, 0 errors, 0 left on base; Victoria 0 - Roswell 0
BOTTOM OF THE 2ND
Roswell Invaders batting - Pitching for Victoria Capitals : RHP Devon Washington
Batting: LHB Falco van Koeveringe 0-0: Ball
1-0: Fly out, F6 (Popup, P, EV 76.9 MPH)
Batting: RHB Benjie Alejandro 0-0: Ground out 4-3 (Groundball, 6M, EV 89.4 MPH)
Batting: RHB Carlos Gonzalez 0-0: Fly out, F8 (Flyball, 8RD, EV 88.1 MPH)
Bottom of the 2nd over - 0 runs, 0 hits, 0 errors, 0 left on base; Victoria 0 - Roswell 0
TOP OF THE 3RD
Victoria Capitals batting - Pitching for Roswell Invaders : LHP Henry Torres
Batting: LHB Matt Hepburn 0-0: Ball
1-0: Ball
2-0: Ball
3-0: Called Strike
3-1: TRIPLE (Flyball, 78XD, EV 96.9 MPH)
Batting: RHB Kevin Harris 0-0: Ball
1-0: Called Strike
1-1: Ball
2-1: Called Strike
2-2: Strikes out swinging
Batting: RHB Jwahir Pili 0-0: Ball
1-0: Ball
2-0: Called Strike
2-1: Swinging Strike
2-2: Ball
3-2: SINGLE (Line Drive, 4D, EV 97.5 MPH)
Matt Hepburn scores
Batting: SHB Dave Reynoso 0-0: Ball
1-0: Called Strike
1-1: Foul Ball, location: 2F
1-2: Foul Ball, location: 2F
1-2: Ball
2-2: Foul Ball, location: 2F
2-2: Grounds into double play, 4-6-3 (Groundball, 4, EV 108.8 MPH)
Top of the 3rd over - 1 run, 2 hits, 0 errors, 0 left on base; Victoria 1 - Roswell 0
BOTTOM OF THE 3RD
Roswell Invaders batting - Pitching for Victoria Capitals : RHP Devon Washington
Batting: RHB Shing Mah 0-0: Foul Ball, location: 2F
0-1: Fly out, F9 (Flyball, 89S, EV 92.5 MPH)
Batting: LHB Andrew Moore 0-0: Ball
1-0: Swinging Strike
1-1: Ball
2-1: Foul Ball, location: 2F
2-2: Strikes out swinging
Batting: RHB Dave Beerman 0-0: Called Strike
0-1: Foul Ball, location: 2F
0-2: Strikes out swinging
Bottom of the 3rd over - 0 runs, 0 hits, 0 errors, 0 left on base; Victoria 1 - Roswell 0
TOP OF THE 4TH
Victoria Capitals batting - Pitching for Roswell Invaders : LHP Henry Torres
Batting: RHB Tze-meng Li 0-0: Foul Ball, location: 2F
0-1: Foul Ball, location: 2F
0-2: Ball
1-2: Ground out 5-3 (Groundball, 56, EV 101.2 MPH)
Batting: RHB Jose Zuniga 0-0: Swinging Strike
0-1: Foul Ball, location: 2F
0-2: Foul Ball, location: 2F
0-2: Strikes out swinging
Batting: RHB Joaquin Salazar 0-0: Ball
1-0: Ball
2-0: Fly out, F9 (Flyball, 9S, EV 84.4 MPH)
Top of the 4th over - 0 runs, 0 hits, 0 errors, 0 left on base; Victoria 1 - Roswell 0
BOTTOM OF THE 4TH
Roswell Invaders batting - Pitching for Victoria Capitals : RHP Devon Washington
Batting: RHB Mike Smith 0-0: Called Strike
0-1: Ball
1-1: Foul Ball, location: 2F
1-2: Strikes out swinging
Batting: LHB Angelo Lira 0-0: Ball
1-0: Ball
2-0: Called Strike
2-1: SINGLE (Line Drive, 7LM, EV 93.8 MPH)
Batting: LHB Ivan Cortez 0-0: Called Strike
0-1: Ball
1-1: 2-RUN HOME RUN (Flyball, 9D, EV 96.2 MPH), Distance : 387 ft
Batting: LHB Falco van Koeveringe 0-0: Called Strike
0-1: Called Strike
0-2: Foul Ball, location: 2F
0-2: Ball
1-2: Foul Ball, location: 2F
1-2: Foul Ball, location: 2F
1-2: Foul Ball, location: 2F
1-2: Ball
2-2: Strikes out swinging, 2-3 out at first.
Batting: RHB Benjie Alejandro 0-0: Ground out 6-3 (Groundball, 6M, EV 84.4 MPH)
Bottom of the 4th over - 2 runs, 2 hits, 0 errors, 0 left on base; Victoria 1 - Roswell 2
TOP OF THE 5TH
Victoria Capitals batting - Pitching for Roswell Invaders : LHP Henry Torres
Batting: RHB Rich Griffith 0-0: Called Strike
0-1: Called Strike
0-2: Fly out, F9 (Line Drive, 89M, EV 100.6 MPH)
Batting: RHB Neal Perucci 0-0: Ball
1-0: Called Strike
1-1: Foul Ball, location: 2F
1-2: Foul Ball, location: 2F
1-2: Ball
2-2: Strikes out swinging
Batting: LHB Matt Hepburn 0-0: Called Strike
0-1: Called Strike
0-2: Strikes out swinging
Top of the 5th over - 0 runs, 0 hits, 0 errors, 0 left on base; Victoria 1 - Roswell 2
BOTTOM OF THE 5TH
Roswell Invaders batting - Pitching for Victoria Capitals : RHP Devon Washington
Batting: RHB Carlos Gonzalez 0-0: Ball
1-0: Ground out 5-3 (Groundball, 56, EV 86.9 MPH)
Batting: RHB Shing Mah 0-0: Ball
1-0: Ball
2-0: Ball
3-0: Called Strike
3-1: Swinging Strike
3-2: Strikes out looking
Batting: LHB Andrew Moore 0-0: Ball
1-0: SINGLE (Groundball, 34D, EV 95.0 MPH)
Batting: RHB Dave Beerman 0-0: Ball
1-0: Foul Ball, location: 2F
1-1: Ball
2-1: Ball
3-1: DOUBLE (Groundball, 5L, EV 106.2 MPH)
Andrew Moore to third
Runner from 3rd tries for Home, SAFE, throw by LF to home
Batting: RHB Mike Smith 0-0: Ball
1-0: Ball
2-0: Called Strike
2-1: Swinging Strike
2-2: Foul Ball, location: 2F
2-2: Ball
3-2: Foul Ball, location: 2F
3-2: SINGLE (Line Drive, 9S, EV 100.0 MPH)
Dave Beerman to third
Runner from 3rd tries for Home, throw by RF and OUT! 9-2
Bottom of the 5th over - 1 run, 3 hits, 0 errors, 1 left on base; Victoria 1 - Roswell 3
TOP OF THE 6TH
Victoria Capitals batting - Pitching for Roswell Invaders : LHP Henry Torres
Batting: RHB Kevin Harris 0-0: Called Strike
0-1: Called Strike
0-2: Ball
1-2: Strikes out swinging
Batting: RHB Jwahir Pili 0-0: Called Strike
0-1: Foul Ball, location: 2F
0-2: Ball
1-2: Strikes out swinging
Batting: SHB Dave Reynoso 0-0: Ball
1-0: Ball
2-0: Ground out 3-1 (Groundball, 34, EV 89.4 MPH)
Top of the 6th over - 0 runs, 0 hits, 0 errors, 0 left on base; Victoria 1 - Roswell 3
BOTTOM OF THE 6TH
Roswell Invaders batting - Pitching for Victoria Capitals : RHP Devon Washington
Batting: LHB Angelo Lira 0-0: Called Strike
0-1: Ball
1-1: Fly out, F7 (Line Drive, 78M, EV 86.9 MPH)
Batting: LHB Ivan Cortez 0-0: Ball
1-0: Ball
2-0: Foul Ball, location: 2F
2-1: Foul Ball, location: 2F
2-2: Strikes out swinging
Batting: LHB Falco van Koeveringe 0-0: Ground out 3-1 (Groundball, 34S, EV 94.4 MPH)
Bottom of the 6th over - 0 runs, 0 hits, 0 errors, 0 left on base; Victoria 1 - Roswell 3
TOP OF THE 7TH
Victoria Capitals batting - Pitching for Roswell Invaders : LHP Henry Torres
Batting: RHB Tze-meng Li 0-0: Ball
1-0: DOUBLE (Line Drive, 9LM, EV 106.2 MPH)
Batting: RHB Jose Zuniga 0-0: Called Strike
0-1: Foul Ball, location: 2F
0-2: Strikes out looking
Batting: RHB Joaquin Salazar 0-0: Called Strike
0-1: Ball
1-1: Ball
2-1: Swinging Strike
2-2: Strikes out swinging
Pinch Hitting: RHB Roberto Medina 0-0: Fly out, F6 (Popup, 6MS, EV 76.9 MPH)
Top of the 7th over - 0 runs, 1 hit, 0 errors, 1 left on base; Victoria 1 - Roswell 3
BOTTOM OF THE 7TH
Roswell Invaders batting - Pitching for Victoria Capitals : RHP Devon Washington
Now at 2B: Roberto Medina
Batting: RHB Benjie Alejandro 0-0: Ball
1-0: Ground out 6-3 (Groundball, 6, EV 78.8 MPH)
Pitching: RHP Daniel Villalobos
Batting: RHB Juan Mejia 0-0: Ball
1-0: Called Strike
1-1: Swinging Strike
1-2: Ball
2-2: Foul Ball, location: 2F
2-2: Foul Ball, location: 2F
2-2: SINGLE (Line Drive, 7LS, EV 104.4 MPH)
Batting: RHB Shing Mah 0-0: Called Strike
Juan Mejia steals 2nd base
0-1: Fly out, F3 (Popup, 3SF, EV 75.6 MPH)
Batting: LHB Andrew Moore 0-0: Ground out 6-3 (Groundball, 56, EV 100.0 MPH)
Bottom of the 7th over - 0 runs, 1 hit, 0 errors, 1 left on base; Victoria 1 - Roswell 3
TOP OF THE 8TH
Victoria Capitals batting - Pitching for Roswell Invaders : LHP Henry Torres
Batting: RHB Neal Perucci 0-0: Called Strike
0-1: Ball
1-1: Foul Ball, location: 2F
1-2: Ball
2-2: Fly out, F9 (Line Drive, 9, EV 100.0 MPH)
Pitching: LHP Josh Hubbard
Pinch Hitting: LHB William Gonzales 0-0: Ball
1-0: Ball
2-0: Foul Ball, location: 2F
2-1: Foul Ball, location: 2F
2-2: Strikes out swinging
Batting: RHB Kevin Harris 0-0: Reached on error, E6 (Groundball, 6, EV 106.2 MPH)
Batting: RHB Jwahir Pili 0-0: Swinging Strike
0-1: Ground out 6-3 (Groundball, 6S, EV 82.5 MPH)
Top of the 8th over - 0 runs, 0 hits, 1 error, 1 left on base; Victoria 1 - Roswell 3
BOTTOM OF THE 8TH
Roswell Invaders batting - Pitching for Victoria Capitals : RHP Daniel Villalobos
Now in LF: John Britton
Batting: RHB Dave Beerman 0-0: Ball
1-0: Ball
2-0: Ball
3-0: Called Strike
3-1: Ground out 6-3 (Groundball, 6, EV 84.4 MPH)
Batting: RHB Mike Smith 0-0: Ball
1-0: Ball
2-0: Called Strike
2-1: Called Strike
2-2: Strikes out swinging
Batting: LHB Angelo Lira 0-0: Ball
1-0: Called Strike
1-1: SINGLE (Line Drive, 89M, EV 86.2 MPH)
Batting: LHB Ivan Cortez 0-0: Ball
1-0: Called Strike
1-1: Ball
2-1: Ball
Angelo Lira steals 2nd base
3-1: Base on Balls
Pitching: RHP Ruben Mendoza
Batting: LHB Falco van Koeveringe 0-0: Ball
1-0: Ball
2-0: Called Strike
2-1: Fly out, F8 (Line Drive, 8RD, EV 84.4 MPH)
Bottom of the 8th over - 0 runs, 1 hit, 0 errors, 2 left on base; Victoria 1 - Roswell 3
TOP OF THE 9TH
Victoria Capitals batting - Pitching for Roswell Invaders : LHP Josh Hubbard
Pitching: LHP Bobby Manning
Batting: SHB Dave Reynoso 0-0: Called Strike
0-1: Foul Ball, location: 2F
0-2: Ground out 5-3 (Groundball, 56, EV 104.4 MPH)
Batting: RHB Tze-meng Li 0-0: Ball
1-0: Called Strike
1-1: Ball
2-1: SINGLE (Groundball, 56D, EV 99.4 MPH)
Batting: RHB Jose Zuniga 0-0: Foul Ball, location: 2F
0-1: Foul Ball, location: 2F
0-2: Foul Ball, location: 2F
0-2: Foul Ball, location: 2F
0-2: Ball
1-2: Fly out, F8 (Flyball, 8RD, EV 85.0 MPH)
Batting: RHB Joaquin Salazar 0-0: Ball
1-0: Called Strike
1-1: Swinging Strike
1-2: Strikes out swinging
Top of the 9th over - 0 runs, 1 hit, 0 errors, 1 left on base; Victoria 1 - Roswell 3
Thursday, December 15th , 2022 - OOTP Baseball 23.9 Build 102